AoeStats
← 牛油果

Lombardia

508660189Analyzed
4v4 RM · 8d ago on Sep 23, 2026· 53m 0s· 8 players
Game mode
Random Map
Map size
Large (8 player)
Population
200
Speed
Normal
Resources
Standard
Victory
Conquest
Starting age
Dark Age
Ending age
Imperial Age
RankedLock teamsTeams togetherTeam positionsShared explorationLock speedFull tech treeHidden civsTurbo modeCheats
Victory
Defeat
🇪🇸 Bulgarians · Spain
1519
+14
🇨🇭 Mongols · Switzerland
1502
+15
🇨🇳 Slavs · China
1415
+18
🇨🇳 Sicilians · China
1390
+19
🇭🇰 Tatars · Hong Kong SAR China
1571
-20
🇭🇰 Britons · Hong Kong SAR China
1445
-16
🇭🇰 Saracens · Hong Kong SAR China
1430
-15
🇭🇰 Persians · Hong Kong SAR China
1427
-15
牛油果
6:52 Loom
9:13 Feudal Age
10:36 Double-Bit Axe
14:07 Horse Collar
16:33 Wheelbarrow
20:12 Castle Age
18:41 Gold Mining
19:40 Fletching
21:07 Bow Saw
20:53 Bodkin Arrow
22:38 Hand Cart
24:42 Heavy Plow
30:50 Gold Shaft Mining
33:53 Padded Archer Armor
36:30 Imperial Age
34:56 Leather Archer Armor
35:25 Ballistics
35:07 Stone Mining
36:00 Silk Armor
36:14 Town Watch
37:00 Bloodlines
36:50 Husbandry
37:13 Bracer
38:17 Chemistry
37:52 Conscription
39:30 Ring Archer Armor
39:00 Heavy Cavalry Archer
40:19 Crop Rotation
40:46 Scale Barding Armor
40:52 Forging
40:03 Light Cavalry
40:58 Hussar
43:06 Chain Barding Armor
43:00 Heavy Camel Rider
49:25 Masonry
馬仔
3:30 Loom
11:57 Feudal Age
17:05 Castle Age
15:15 Double-Bit Axe
15:24 Gold Mining
15:38 Stone Mining
16:53 Wheelbarrow
18:31 Bow Saw
18:34 Fletching
20:56 Horse Collar
24:53 Town Watch
25:55 Heavy Plow
31:28 Imperial Age
30:13 Ballistics
29:51 Bodkin Arrow
29:57 Padded Archer Armor
30:44 Hand Cart
31:31 Gold Shaft Mining
31:04 Caravan
32:53 Conscription
32:38 Bracer
33:40 Chemistry
33:25 Leather Archer Armor
33:34 Yeomen
33:13 Elite Longbowman
33:55 Cranequins
35:46 Heavy Mounted Crossbowman
40:36 Husbandry
41:49 Coinage
41:53 Ring Archer Armor
41:41 Elite Skirmisher
42:28 Scale Barding Armor
42:29 Scale Mail Armor
42:39 Forging
50:01 Fortified Wall
50:01 Siege Engineers
52:19 Chain Mail Armor
52:40 Iron Casting
52:16 Squires
52:01 Gambesons
51:37 Man-at-Arms
52:03 Arson
迷途小書童
12:55 Feudal Age
11:11 Loom
16:47 Castle Age
14:35 Double-Bit Axe
14:52 Horse Collar
17:54 Fletching
26:13 Scale Barding Armor
局長
9:53 Loom
11:38 Feudal Age
16:20 Castle Age
14:38 Double-Bit Axe
14:35 Horse Collar
14:47 Stone Mining
15:47 Gold Mining
16:55 Wheelbarrow
18:09 Bow Saw
28:27 Hand Cart
31:29 Imperial Age
28:52 Town Watch
29:21 Scale Barding Armor
29:51 Forging
30:42 Chain Barding Armor
30:38 Husbandry
30:49 Bloodlines
31:19 Gold Shaft Mining
31:22 Stone Shaft Mining
31:54 Iron Casting
31:23 Elite War Elephant
32:24 Conscription
32:41 Plate Barding Armor
34:51 Blast Furnace
43:02 Fletching
50:20 Bodkin Arrow
Im_Lex
11:04 Feudal Age
14:51 Castle Age
13:24 Double-Bit Axe
14:24 Horse Collar
20:21 Loom
21:14 Wheelbarrow
20:53 Bow Saw
20:57 Heavy Plow
21:11 Stone Mining
21:29 Gold Mining
23:20 Wheelbarrow
30:00 Imperial Age
27:37 Town Watch
30:21 Gold Shaft Mining
30:22 Stone Shaft Mining
29:57 Husbandry
31:18 Conscription
31:16 Scale Barding Armor
31:47 Stirrups
32:22 Chain Barding Armor
32:13 Forging
32:23 Bloodlines
32:58 Masonry
33:27 Plate Barding Armor
33:49 Hand Cart
34:46 Iron Casting
33:41 Pikeman
34:13 Halberdier
34:54 Squires
36:13 Blast Furnace
35:14 Scale Mail Armor
37:04 Chain Mail Armor
39:05 Fletching
39:46 Plate Mail Armor
46:47 Onager
48:29 Siege Engineers
49:26 Chemistry
48:46 Ballistics
49:17 Crop Rotation
48:55 Siege Onager
49:43 Bodkin Arrow
49:49 Padded Archer Armor
49:32 Heavy Scorpion
50:42 Bracer
51:28 Coinage
51:02 Caravan
54:07 Architecture
53:54 Leather Archer Armor
Igris
8:46 Loom
10:32 Feudal Age
12:02 Double-Bit Axe
11:57 Horse Collar
14:33 Castle Age
15:34 Bow Saw
16:10 Heavy Plow
23:19 Wheelbarrow
23:56 Gold Mining
24:24 Hand Cart
24:28 Stone Mining
26:06 Stone Shaft Mining
25:41 Fletching
27:06 Gold Shaft Mining
30:32 Imperial Age
28:35 Bodkin Arrow
30:40 Bloodlines
30:30 Husbandry
31:22 Bracer
32:29 Conscription
32:50 Ballistics
33:35 Chemistry
32:45 Padded Archer Armor
33:02 Elite Mangudai
34:05 Conscription
34:46 Leather Archer Armor
34:44 Thumb Ring
35:56 Parthian Tactics
37:52 Masonry
38:42 Onager
39:28 Murder Holes
40:22 Siege Engineers
41:10 Drill
40:31 Siege Onager
42:38 Capped Ram
44:16 Siege Ram
52:19 Caravan
Promise999
10:16 Feudal Age
13:12 Loom
15:57 Castle Age
14:40 Scale Barding Armor
14:37 Horse Collar
16:10 Bloodlines
17:12 Double-Bit Axe
18:21 Bow Saw
22:38 Wheelbarrow
23:29 Husbandry
22:50 Light Cavalry
24:28 Chain Barding Armor
28:32 Town Watch
32:05 Imperial Age
29:53 Heavy Plow
30:31 Hand Cart
30:47 Forging
31:23 Town Patrol
31:44 Scale Mail Armor
32:19 Iron Casting
31:05 Pikeman
31:46 Squires
32:03 Masonry
32:13 Elite Boyar
33:30 Plate Barding Armor
33:35 Crop Rotation
33:35 Murder Holes
34:03 Conscription
33:44 Fletching
34:55 Blast Furnace
34:58 Bodkin Arrow
35:36 Padded Archer Armor
35:52 Chain Mail Armor
36:43 Plate Mail Armor
35:34 Halberdier
37:41 Two-Man Saw
37:36 Stone Mining
40:53 Druzhina
41:14 Conscription
45:36 Gold Mining
48:49 Hussar
knife
11:53 Feudal Age
15:31 Castle Age
13:35 Double-Bit Axe
13:30 Horse Collar
18:45 Town Watch
21:49 Loom
25:44 Wheelbarrow
26:02 Bow Saw
25:52 Heavy Plow
25:44 Gold Mining
26:54 Hand Cart
31:03 Imperial Age
29:00 Fletching
29:53 Bodkin Arrow
30:45 Scale Mail Armor
30:55 Forging
32:01 Chain Mail Armor
32:22 Iron Casting
32:48 Chemistry
32:09 Ballistics
31:56 Siege Engineers
31:34 Capped Ram
33:30 Plate Mail Armor
34:01 Blast Furnace
32:28 Elite Serjeant
33:30 Conscription
32:51 Siege Ram
34:04 Crop Rotation
34:35 Arrowslits
35:44 Hauberk
36:38 Bracer
36:15 Heavy Scorpion
38:03 Masonry
37:48 Murder Holes
38:20 Scale Barding Armor
38:31 Caravan
38:41 Guilds
39:12 Chain Barding Armor
39:36 First Crusade
40:41 Plate Barding Armor
40:09 Husbandry
40:20 Bloodlines
39:31 Cavalier
41:49 Onager
43:18 Pikeman
43:59 Squires
44:02 Halberdier
52:32 Coinage
51:49 Light Cavalry
Connection lost

Rejoining the realm…

Still unreachable

The connection could not be restored.

Session expired

The server has moved on; the page needs a fresh start.